Map: World of Sleepers LE

Players

pHARM

  • Race: Zerg Zerg
  • League: Platinum
  • Spawn Location: 7:00

PassiveFist - Winner!

  • Race: Terran Terran
  • League: Platinum
  • Spawn Location: 1:00

VOD

Have the link to the VOD?

Description

Time

  • Played on: Aug. 20, 2019, 10:30 p.m.
  • Length: 7:20
Show
View Real Time Build Order
Export as new Build Order

pHARM Zerg 

Build Orders: Hatch First 

Get SALT Encoding   

  12  0:01  Drone  
  13  0:12  Overlord  
  13  0:22  Drone  
  14  0:44  Drone  
  14  0:45  Drone x2  
  17  0:59  Hatchery  
  16  1:09  Drone x2  
  18  1:16  Spawning Pool  
  18  1:18  Drone  
  18  1:32  Drone  
  19  1:39  Drone  
  20  1:41  Extractor  
  19  1:52  Drone  
  20  2:00  Overlord  
  20  2:08  Queen  
  20  2:11  Queen  
  20  2:13  Zergling x4  
  26  2:22  Drone x2  
  28  2:43  Drone x2  
  28  2:44  Drone x2  
  32  2:49  Lair  
  32  3:01  Drone x2  
  34  3:08  Drone  
  34  3:09  Drone  
  36  3:15  Overlord  
  36  3:16  Overlord  
  36  3:35  Evolution Chamber  
  36  3:37  Drone x6  
  36  3:40  Roach Warren  
  40  3:47  Drone  
  40  3:48  Drone  
  42  3:57  Queen  
  42  4:01  Evolution Chamber  
  43  4:03  Drone x7  
  43  4:07  Extractor x2  
  48  4:18  Overlord x2  
  48  4:24  Hatchery  
  48  4:30  Drone x3  
  50  4:31  Roach  
  50  4:35  Glial Reconstitution  
  50  4:38  Roach x4  
  60  4:52  Spine Crawler  
  59  4:53  Spine Crawler  
  59  4:57  Drone x2  
  60  5:01  Overlord x2  
  60  5:20  Overlord  
  62  5:21  Roach x5  
  62  5:26  Metabolic Boost  
  70  5:45  Roach x6  
  76  5:58  Roach x4  
  71  6:11  Roach  
  71  6:12  Roach x7  
  60  6:34  Zergling x18  
  65  6:41  Baneling Nest  
  37  6:58  Overlord x2  
  37  6:59  Zergling x2  
  37  7:00  Zergling x6  
  37  7:01  Zergling x4  
Show
View Real Time Build Order
Export as new Build Order

PassiveFist Terran - Winner!

Build Orders:  

Get SALT Encoding   

  12  0:02  SCV  
  13  0:14  SCV  
  14  0:21  Supply Depot  
  14  0:26  SCV  
  15  0:32  Refinery  
  15  0:43  SCV  
  16  0:51  Barracks  
  16  0:55  SCV  
  17  1:05  Supply Depot  
  17  1:07  SCV  
  18  1:14  Refinery  
  18  1:19  SCV  
  19  1:31  SCV  
  20  1:45  Factory  
  20  1:47  Barracks Reactor  
  20  1:50  SCV  
  21  2:03  SCV  
  22  2:14  Barracks  
  22  2:15  SCV  
  23  2:25  Supply Depot  
  23  2:26  Marine x2  
  23  2:27  SCV  
  26  2:35  Factory Tech Lab  
  25  2:45  Marine  
  25  2:48  Marine  
  27  2:54  Starport  
  27  2:58  Siege Tank  
  27  3:04  Barracks Tech Lab  
  30  3:09  Marine  
  31  3:14  Marine  
  32  3:20  Orbital Command  
  32  3:27  Supply Depot  
  32  3:33  Starport Reactor  
  32  3:38  Stimpack  
  32  3:41  Marine  
  33  3:50  Marine  
  36  3:57  Siege Tank  
  36  4:01  Marauder  
  39  4:04  Marine  
  40  4:14  Supply Depot  
  40  4:17  Medivac  
  42  4:25  Medivac  
  42  4:28  Marine  
  42  4:30  Marine  
  46  4:37  Marine  
  47  4:46  Marine  
  47  4:47  Medivac  
  47  4:48  Marine  
  51  4:55  Marine  
  51  4:59  Supply Depot  
  52  5:04  Marine  
  52  5:06  Marine  
  54  5:22  Marine, Marauder  
  54  5:24  Medivac  
  54  5:26  Siege Tank  
  62  6:00  Marine  
  63  6:09  Marauder  
  63  6:12  Medivac  
  63  6:14  Command Center  
  63  6:16  Siege Tank  
  63  6:33  Supply Depot  
  63  6:48  Marine, SCV  
  63  6:53  Marauder  
  63  6:54  Marine  
Tags
 
Add a new tag
Caveats
  • Supply blocks, unpowered buildings, or Contaminate may cause inaccurate times.
  • Supply counts are checked every 10 seconds.